cohdb
Replays
Latest Replays
All Replays
Popular Replays
Top Player Replays
Match Explorer
How It Works
Community
CoH3 Stats
Reddit
Sign in to upload your games and track your stats! →
Sign in with Steam
Match 43805309
Unlisted
Match 43805309
Overview
Messages
Build Orders
End
Pioneer Squad
Construct Infanterie Kompanie
Grenadier Squad
MG 42 Machine Gun Team
Grenadier Squad
Grenadier Squad
Infanterie Officer Quarters
Construct Panzergrenadier Kompanie
Selects Breakthrough Battlegroup
Selects Assault Grenadiers
Selects Smoke Bombing Run
Pak 40 Anti-tank Gun Team
Selects Mechanized Assault Group
Mechanized Assault Group
Construct Panzer Kompanie
Sturmpanzer IV Brummbär
Pak 40 Anti-tank Gun Team
SMOKO
W
Fire Mission: ZULU!
bigcheese
埃洛希草帽恋爱进行中
Bismarck
威严满满的大小姐
lwl233
0
0
Comments
sign in to comment!
No comments posted yet!